[ AOE2 MATCH · #477664496 ]
UnrankedFranks vs Japanese
Player's team · LOSS
[ REPLAY ANALYSIS · EXTRACTED FROM THE RECORDED GAME ]
Feudal
11:46
Castle
15:41
Imperial
30:07
| APM avg | 95.6 |
| APM peak | 226 |
| eAPM avg | 69.5 |
| Villagers / military | 220 / 547 |
Focus
⚔️ 72.5% · 🌾 27.5%
Knight ×532 · Trade Cart ×58 · Scout Cavalry ×8 · Trebuchet (Packed) ×4 · Throwing Axeman ×3
Feudal
10:35
Castle
14:55
Imperial
28:07
| APM avg | 41.3 |
| APM peak | 71 |
| eAPM avg | 23.2 |
| Villagers / military | 198 / 247 |
Focus
⚔️ 36.4% · 🌾 63.6%
Samurai ×104 · Scout Cavalry ×82 · Trade Cart ×38 · Battering Ram ×24 · Cavalry Archer ×20 · Spearman ×10
Feudal
8:51
Castle
22:08
Imperial
36:21
| APM avg | 55.8 |
| APM peak | 94 |
| eAPM avg | 38.9 |
| Villagers / military | 247 / 422 |
Focus
⚔️ 48.2% · 🌾 51.8%
Archer ×275 · Trade Cart ×123 · Serjeant ×101 · Battering Ram ×21 · Scorpion ×18 · Trebuchet (Packed) ×7
Feudal
8:35
Castle
25:41
Imperial
41:12
| APM avg | 28.3 |
| APM peak | 64 |
| eAPM avg | 15.6 |
| Villagers / military | 134 / 120 |
Focus
⚔️ 32.4% · 🌾 67.6%
Skirmisher ×65 · Steppe Lancer ×20 · Scout Cavalry ×17 · Cavalry Archer ×12 · Battering Ram ×3 · Trebuchet (Packed) ×3
Feudal
11:21
Castle
14:51
Imperial
35:35
| APM avg | 42.4 |
| APM peak | 89 |
| eAPM avg | 27.2 |
| Villagers / military | 166 / 773 |
Focus
⚔️ 57.8% · 🌾 42.2%
Spearman ×624 · Conquistador ×88 · Skirmisher ×25 · Bombard Cannon ×21 · Hand Cannoneer ×10 · Trebuchet (Packed) ×4
Feudal
11:22
Castle
15:07
Imperial
28:09
| APM avg | 31.0 |
| APM peak | 76 |
| eAPM avg | 22.0 |
| Villagers / military | 186 / 466 |
Focus
⚔️ 42.5% · 🌾 57.5%
Spearman ×274 · Scorpion ×143 · Battering Ram ×45 · Trade Cart ×8 · Boyar ×3 · Monk ×1
Feudal
10:32
Castle
14:03
Imperial
28:25
| APM avg | 63.3 |
| APM peak | 95 |
| eAPM avg | 39.3 |
| Villagers / military | 175 / 341 |
Focus
⚔️ 36.3% · 🌾 63.7%
Cavalry Archer ×198 · Camel Scout ×90 · Trade Cart ×60 · Bombard Cannon ×46 · Monk ×6 · Petard ×1
Feudal
11:21
Castle
15:18
Imperial
27:38
| APM avg | 48.8 |
| APM peak | 114 |
| eAPM avg | 29.1 |
| Villagers / military | 195 / 458 |
Focus
⚔️ 46.6% · 🌾 53.4%
Scout Cavalry ×457 · Unknown (1944) ×225 · Monk ×1 · Trade Cart ×1
Match map
Initial resources + every placement click. Lines = walls · curves = elevation contours. ◆ gold · ⬟ stone · ● berries · ✦ relic · ◌ wall gap
Your base· ✓ Closed at 15:41 · 0t walls · 3 gate(s)
Fs.Carniça's base· ✓ Closed at 14:55 · 0t walls · 2 gate(s)
[GDL] Chuchito's base· ✓ Closed at 22:08 · 5t walls · 2 gate(s)
eL| Bicho's base· ✓ Closed at 25:41 · 1t walls · 2 gate(s) · fragile
eL|Hooligan's base· ✓ Closed at 14:51 · 0t walls · 2 gate(s)
VENÓN | YO QUE CULPA's base· ✓ Closed at 15:07 · 0t walls · 3 gate(s)
冬瀑's base· ✓ Closed at 14:03 · 0t walls · 3 gate(s)
VENÓN | Kevin's base· ✓ Closed at 15:18 · 0t walls · 2 gate(s)
Smoothed initial terrain · ◌ = detected wall gap · hover for details
Inputs per minute
— VENÓN | Talk is cheap - - Fs.Carniça
Build order — VENÓN | Talk is cheap
First 150 of 797 actions detected
| 0:01 | Queue | Villager (Male) |
| 0:01 | Queue | Villager (Male) |
| 0:02 | Build | House |
| 0:03 | Build | House |
| 0:35 | Queue | Villager (Male) |
| 0:35 | Queue | Villager (Male) |
| 0:35 | Queue | Villager (Male) |
| 1:32 | Queue | Villager (Male) |
| 1:32 | Queue | Villager (Male) |
| 1:47 | Queue | Villager (Male) |
| 1:47 | Queue | Villager (Male) |
| 1:52 | Build | Lumber Camp |
| 2:20 | Queue | Villager (Male) |
| 2:21 | Queue | Villager (Male) |
| 2:38 | Queue | Villager (Male) |
| 2:38 | Queue | Villager (Male) |
| 2:59 | Queue | Villager (Male) |
| 2:59 | Queue | Villager (Male) |
| 3:18 | Queue | Villager (Male) |
| 3:18 | Queue | Villager (Male) |
| 3:31 | Build | House |
| 3:33 | Build | House |
| 3:47 | Queue | Villager (Male) |
| 3:48 | Queue | Villager (Male) |
| 4:02 | Build | House |
| 4:12 | Queue | Villager (Male) |
| 4:13 | Queue | Villager (Male) |
| 4:13 | Queue | Villager (Male) |
| 4:33 | Queue | Villager (Male) |
| 4:33 | Queue | Villager (Male) |
| 4:39 | Build | Mill |
| 4:58 | Queue | Villager (Male) |
| 4:58 | Queue | Villager (Male) |
| 4:59 | Queue | Villager (Male) |
| 5:05 | Queue | Villager (Male) |
| 5:05 | Queue | Villager (Male) |
| 5:20 | Queue | Villager (Male) |
| 5:20 | Queue | Villager (Male) |
| 5:56 | Queue | Villager (Male) |
| 5:56 | Queue | Villager (Male) |
| 6:00 | Build | Farm |
| 6:03 | Build | Farm |
| 6:14 | Queue | Villager (Male) |
| 6:25 | Queue | Villager (Male) |
| 6:25 | Queue | Villager (Male) |
| 6:35 | Queue | Villager (Male) |
| 6:35 | Queue | Villager (Male) |
| 7:07 | Build | Farm |
| 7:09 | Queue | Villager (Male) |
| 7:31 | Build | Lumber Camp |
| 7:32 | Queue | Villager (Male) |
| 7:46 | Queue | Villager (Male) |
| 7:46 | Queue | Villager (Male) |
| 8:40 | Build | Farm |
| 9:01 | Build | Mining Camp |
| 9:28 | Research | Feudal Age |
| 9:28 | Research | Feudal Age |
| 10:21 | Build | House |
| 10:31 | Queue | Villager (Male) |
| 10:44 | Build | Barracks |
| 11:46 | Age | Feudal Age |
| 11:50 | Build | Market |
| 11:51 | Queue | Villager (Male) |
| 11:58 | Build | Stable |
| 12:08 | Research | Double-Bit Axe |
| 12:16 | Queue | Villager (Male) |
| 12:40 | Queue | Scout Cavalry |
| 12:57 | Research | Castle Age |
| 12:57 | Research | Castle Age |
| 12:58 | Research | Gold Mining |
| 12:59 | Research | Gold Mining |
| 13:15 | Queue | Villager (Male) |
| 13:23 | Queue | Scout Cavalry |
| 13:23 | Queue | Scout Cavalry |
| 13:34 | Build | Farm |
| 13:44 | Build | Farm |
| 13:49 | Queue | Scout Cavalry |
| 14:04 | Queue | Scout Cavalry |
| 14:33 | Queue | Villager (Male) |
| 14:34 | Build | Farm |
| 14:37 | Build | Farm |
| 14:42 | Queue | Scout Cavalry |
| 14:50 | Build | Farm |
| 15:00 | Build | Farm |
| 15:39 | Build | Farm |
| 15:41 | Age | Castle Age |
| 15:47 | Research | Husbandry |
| 15:47 | Research | Husbandry |
| 15:50 | Research | Light Cavalry (upgrade) |
| 15:51 | Research | Light Cavalry (upgrade) |
| 15:53 | Queue | Villager (Male) |
| 15:55 | Build | Farm |
| 16:08 | Queue | Villager (Male) |
| 16:09 | Queue | Villager (Male) |
| 16:09 | Queue | Villager (Male) |
| 16:11 | Build | Town Center |
| 16:23 | Queue | Scout Cavalry |
| 16:29 | Build | Farm |
| 16:32 | Build | Town Center |
| 16:39 | Build | Farm |
| 16:40 | Build | Farm |
| 16:40 | Build | Farm |
| 16:51 | Queue | Scout Cavalry |
| 16:56 | Queue | Villager (Male) |
| 16:57 | Build | Farm |
| 17:24 | Queue | Villager (Male) |
| 17:38 | Queue | Villager (Male) |
| 17:39 | Queue | Villager (Male) |
| 17:39 | Queue | Villager (Male) |
| 17:41 | Build | Farm |
| 17:50 | Queue | Villager (Male) |
| 17:52 | Build | Farm |
| 17:57 | Build | Farm |
| 18:16 | Queue | Villager (Male) |
| 18:16 | Queue | Villager (Male) |
| 18:19 | Queue | Villager (Male) |
| 18:20 | Build | Farm |
| 18:26 | Queue | Villager (Male) |
| 18:26 | Queue | Villager (Male) |
| 18:35 | Queue | Villager (Male) |
| 18:35 | Queue | Villager (Male) |
| 18:39 | Build | Lumber Camp |
| 18:48 | Queue | Villager (Male) |
| 18:52 | Queue | Villager (Male) |
| 18:55 | Build | Farm |
| 18:57 | Build | Farm |
| 19:01 | Queue | Villager (Male) |
| 19:13 | Queue | Villager (Male) |
| 19:16 | Build | Farm |
| 19:38 | Queue | Villager (Male) |
| 19:38 | Queue | Villager (Male) |
| 19:49 | Queue | Villager (Male) |
| 19:49 | Queue | Villager (Male) |
| 19:52 | Queue | Villager (Male) |
| 19:53 | Build | Farm |
| 19:54 | Queue | Villager (Male) |
| 19:56 | Build | Farm |
| 19:58 | Build | House |
| 20:03 | Queue | Villager (Male) |
| 20:08 | Build | House |
| 20:09 | Build | House |
| 20:11 | Queue | Villager (Male) |
| 20:13 | Build | House |
| 20:14 | Build | House |
| 20:17 | Build | Farm |
| 20:17 | Build | Farm |
| 20:20 | Queue | Villager (Male) |
| 20:21 | Queue | Villager (Male) |
| 20:27 | Build | Town Center |
| 20:36 | Build | House |
Build order — Fs.Carniça
First 150 of 602 actions detected
| 0:00 | Queue | Villager (Male) |
| 0:01 | Queue | Villager (Male) |
| 0:01 | Queue | Villager (Male) |
| 0:02 | Build | House |
| 0:05 | Build | House |
| 0:16 | Queue | Villager (Male) |
| 1:25 | Queue | Villager (Male) |
| 1:43 | Build | Lumber Camp |
| 2:10 | Queue | Villager (Male) |
| 2:10 | Queue | Villager (Male) |
| 2:27 | Queue | Villager (Male) |
| 2:39 | Queue | Villager (Male) |
| 2:47 | Queue | Villager (Male) |
| 3:29 | Queue | Villager (Male) |
| 3:52 | Queue | Villager (Male) |
| 3:52 | Queue | Villager (Male) |
| 4:05 | Build | House |
| 4:06 | Build | House |
| 4:29 | Queue | Villager (Male) |
| 4:46 | Build | Mill |
| 4:56 | Queue | Villager (Male) |
| 4:58 | Queue | Villager (Male) |
| 5:34 | Queue | Villager (Male) |
| 5:48 | Queue | Villager (Male) |
| 5:48 | Queue | Villager (Male) |
| 7:02 | Queue | Villager (Male) |
| 7:06 | Build | Farm |
| 7:08 | Build | Farm |
| 7:18 | Queue | Villager (Male) |
| 7:45 | Build | Mining Camp |
| 7:58 | Queue | Villager (Male) |
| 8:04 | Build | Farm |
| 8:13 | Research | Feudal Age |
| 8:45 | Queue | Villager (Male) |
| 9:28 | Build | House |
| 10:08 | Queue | Villager (Male) |
| 10:26 | Queue | Villager (Male) |
| 10:35 | Age | Feudal Age |
| 10:38 | Build | Market |
| 10:42 | Build | Blacksmith |
| 11:26 | Queue | Villager (Male) |
| 11:33 | Research | Loom |
| 12:03 | Research | Castle Age |
| 12:43 | Research | Double-Bit Axe |
| 12:50 | Research | Horse Collar |
| 12:56 | Build | House |
| 12:57 | Build | House |
| 13:18 | Research | Gold Mining |
| 14:55 | Age | Castle Age |
| 14:59 | Build | Town Center |
| 15:02 | Build | Town Center |
| 15:02 | Research | Bow Saw |
| 15:12 | Queue | Villager (Male) |
| 15:18 | Build | Farm |
| 15:26 | Build | Farm |
| 15:31 | Build | House |
| 15:32 | Build | House |
| 15:38 | Queue | Villager (Male) |
| 15:40 | Queue | Villager (Male) |
| 15:43 | Build | Farm |
| 15:57 | Queue | Villager (Male) |
| 16:05 | Build | Farm |
| 16:25 | Build | Farm |
| 16:40 | Queue | Villager (Male) |
| 16:41 | Queue | Villager (Male) |
| 16:41 | Queue | Villager (Male) |
| 16:42 | Queue | Villager (Male) |
| 16:42 | Queue | Villager (Male) |
| 16:46 | Build | Farm |
| 16:54 | Build | Farm |
| 16:57 | Queue | Villager (Male) |
| 16:57 | Queue | Villager (Male) |
| 17:09 | Build | Farm |
| 17:27 | Queue | Villager (Male) |
| 17:31 | Build | Farm |
| 17:39 | Build | Farm |
| 17:54 | Queue | Villager (Male) |
| 17:55 | Queue | Villager (Male) |
| 17:55 | Queue | Villager (Male) |
| 17:58 | Build | Farm |
| 18:00 | Build | Farm |
| 18:08 | Build | Farm |
| 18:09 | Build | Farm |
| 18:10 | Build | Farm |
| 18:11 | Queue | Villager (Male) |
| 18:16 | Build | Farm |
| 18:23 | Queue | Villager (Male) |
| 18:28 | Build | Farm |
| 18:33 | Build | Farm |
| 18:35 | Build | Farm |
| 18:36 | Queue | Villager (Male) |
| 18:36 | Queue | Villager (Male) |
| 18:44 | Build | Farm |
| 18:55 | Build | Farm |
| 18:55 | Queue | Villager (Male) |
| 19:00 | Build | Farm |
| 19:00 | Queue | Villager (Male) |
| 19:11 | Build | Farm |
| 19:12 | Queue | Villager (Male) |
| 19:21 | Build | House |
| 19:22 | Build | House |
| 19:22 | Queue | Villager (Male) |
| 19:23 | Queue | Villager (Male) |
| 19:28 | Build | Farm |
| 19:29 | Queue | Villager (Male) |
| 19:36 | Build | Farm |
| 19:37 | Queue | Villager (Male) |
| 19:43 | Build | Farm |
| 19:44 | Queue | Villager (Male) |
| 19:53 | Build | Farm |
| 19:54 | Queue | Villager (Male) |
| 19:54 | Queue | Villager (Male) |
| 20:03 | Queue | Villager (Male) |
| 20:09 | Queue | Villager (Male) |
| 20:13 | Queue | Villager (Male) |
| 20:13 | Queue | Villager (Male) |
| 20:30 | Research | Wheelbarrow |
| 20:33 | Build | House |
| 20:34 | Build | House |
| 20:46 | Build | Farm |
| 20:47 | Queue | Villager (Male) |
| 20:47 | Queue | Villager (Male) |
| 20:47 | Queue | Villager (Male) |
| 20:53 | Build | Mill |
| 20:54 | Build | Farm |
| 20:55 | Queue | Villager (Male) |
| 21:00 | Build | Farm |
| 21:15 | Build | House |
| 21:16 | Queue | Villager (Male) |
| 21:22 | Queue | Villager (Male) |
| 21:37 | Queue | Villager (Male) |
| 21:40 | Queue | Villager (Male) |
| 21:40 | Queue | Villager (Male) |
| 21:41 | Queue | Villager (Male) |
| 22:00 | Build | Barracks |
| 22:00 | Queue | Villager (Male) |
| 22:01 | Queue | Villager (Male) |
| 22:18 | Build | Castle |
| 22:22 | Queue | Villager (Male) |
| 22:29 | Build | Farm |
| 22:30 | Build | Mill |
| 22:32 | Queue | Villager (Male) |
| 22:34 | Queue | Villager (Male) |
| 22:35 | Research | Heavy Plow |
| 22:41 | Build | Farm |
| 22:43 | Queue | Villager (Male) |
| 22:56 | Queue | Villager (Male) |
| 22:56 | Queue | Villager (Male) |
| 23:04 | Build | House |
| 23:05 | Queue | Villager (Male) |
Build order — [GDL] Chuchito
First 150 of 732 actions detected
| 0:00 | Queue | Villager (Male) |
| 0:01 | Queue | Villager (Male) |
| 0:01 | Queue | Villager (Male) |
| 0:02 | Build | House |
| 0:03 | Build | House |
| 0:06 | Queue | Villager (Male) |
| 0:06 | Queue | Villager (Male) |
| 1:27 | Queue | Villager (Male) |
| 1:51 | Queue | Villager (Male) |
| 1:52 | Queue | Villager (Male) |
| 2:01 | Build | Lumber Camp |
| 2:21 | Queue | Villager (Male) |
| 2:21 | Queue | Villager (Male) |
| 2:49 | Queue | Villager (Male) |
| 2:57 | Queue | Villager (Male) |
| 3:27 | Queue | Villager (Male) |
| 3:27 | Queue | Villager (Male) |
| 3:50 | Queue | Villager (Male) |
| 3:50 | Queue | Villager (Male) |
| 4:10 | Queue | Villager (Male) |
| 4:14 | Build | House |
| 4:21 | Research | Loom |
| 4:25 | Queue | Villager (Male) |
| 4:41 | Build | Mining Camp |
| 5:16 | Queue | Villager (Male) |
| 5:42 | Queue | Villager (Male) |
| 6:08 | Queue | Villager (Male) |
| 6:36 | Research | Feudal Age |
| 6:37 | Research | Feudal Age |
| 7:26 | Queue | Villager (Male) |
| 7:34 | Build | House |
| 7:34 | Build | House |
| 7:34 | Build | House |
| 7:35 | Build | House |
| 8:12 | Build | Donjon |
| 8:33 | Build | House |
| 8:34 | Build | House |
| 8:51 | Age | Feudal Age |
| 8:55 | Research | Double-Bit Axe |
| 8:56 | Queue | Villager (Male) |
| 8:56 | Queue | Villager (Male) |
| 8:57 | Queue | Villager (Male) |
| 9:05 | Build | Archery Range |
| 9:14 | Queue | Villager (Male) |
| 9:18 | Queue | Villager (Male) |
| 9:33 | Queue | Archer |
| 9:33 | Queue | Archer |
| 9:48 | Queue | Villager (Male) |
| 9:48 | Queue | Villager (Male) |
| 9:58 | Queue | Archer |
| 9:58 | Queue | Archer |
| 10:13 | Queue | Archer |
| 10:25 | Build | Blacksmith |
| 10:38 | Queue | Serjeant |
| 10:56 | Queue | Villager (Male) |
| 11:06 | Build | Mill |
| 11:12 | Research | Fletching |
| 11:29 | Queue | Archer |
| 11:29 | Queue | Villager (Male) |
| 11:30 | Queue | Villager (Male) |
| 11:57 | Queue | Villager (Male) |
| 11:58 | Queue | Villager (Male) |
| 11:58 | Queue | Villager (Male) |
| 12:30 | Queue | Villager (Male) |
| 12:32 | Build | Mining Camp |
| 12:32 | Queue | Villager (Male) |
| 12:37 | Queue | Archer |
| 12:43 | Build | House |
| 12:47 | Research | Horse Collar |
| 12:48 | Research | Horse Collar |
| 13:03 | Queue | Villager (Male) |
| 13:03 | Queue | Villager (Male) |
| 13:05 | Build | House |
| 13:10 | Build | Farm |
| 13:19 | Queue | Villager (Male) |
| 13:19 | Queue | Villager (Male) |
| 13:40 | Build | Donjon |
| 13:43 | Queue | Archer |
| 13:50 | Queue | Villager (Male) |
| 13:50 | Queue | Villager (Male) |
| 13:52 | Queue | Villager (Male) |
| 14:02 | Queue | Villager (Male) |
| 14:03 | Queue | Villager (Male) |
| 14:04 | Build | Farm |
| 14:25 | Build | Farm |
| 14:26 | Queue | Villager (Male) |
| 14:28 | Build | Farm |
| 14:31 | Queue | Archer |
| 14:53 | Queue | Villager (Male) |
| 14:54 | Queue | Villager (Male) |
| 15:02 | Build | Farm |
| 15:04 | Build | Farm |
| 15:06 | Build | Farm |
| 15:09 | Queue | Villager (Male) |
| 15:20 | Build | Palisade Wall |
| 15:22 | Build | Palisade Wall |
| 15:23 | Build | Palisade Wall |
| 15:34 | Build | Palisade Wall |
| 15:39 | Queue | Villager (Male) |
| 15:40 | Queue | Villager (Male) |
| 15:50 | Queue | Archer |
| 15:51 | Queue | Villager (Male) |
| 15:53 | Build | Farm |
| 15:54 | Build | Farm |
| 15:55 | Build | Farm |
| 15:56 | Build | Farm |
| 16:09 | Queue | Villager (Male) |
| 16:14 | Queue | Archer |
| 16:17 | Build | Farm |
| 16:31 | Queue | Villager (Male) |
| 16:38 | Queue | Villager (Male) |
| 16:46 | Build | Farm |
| 16:48 | Build | Farm |
| 16:54 | Build | House |
| 16:54 | Build | House |
| 16:56 | Queue | Villager (Male) |
| 16:57 | Queue | Villager (Male) |
| 17:12 | Queue | Villager (Male) |
| 17:13 | Queue | Villager (Male) |
| 17:25 | Queue | Villager (Male) |
| 17:25 | Queue | Villager (Male) |
| 17:32 | Build | Farm |
| 17:33 | Build | Farm |
| 17:35 | Build | Farm |
| 17:40 | Queue | Villager (Male) |
| 17:40 | Queue | Villager (Male) |
| 17:49 | Queue | Villager (Male) |
| 17:57 | Build | Donjon |
| 18:20 | Queue | Villager (Male) |
| 18:22 | Queue | Villager (Male) |
| 18:22 | Queue | Villager (Male) |
| 18:28 | Queue | Villager (Male) |
| 18:28 | Queue | Villager (Male) |
| 18:33 | Queue | Villager (Male) |
| 18:35 | Build | Market |
| 18:41 | Queue | Villager (Male) |
| 18:44 | Queue | Archer |
| 19:26 | Build | Lumber Camp |
| 19:26 | Research | Castle Age |
| 19:27 | Research | Castle Age |
| 20:05 | Build | Donjon |
| 20:19 | Research | Town Watch |
| 20:22 | Build | Lumber Camp |
| 20:37 | Queue | Archer ×3 |
| 21:22 | Queue | Villager (Male) |
| 21:25 | Research | Gold Mining |
| 21:49 | Research | Stone Mining |
| 21:55 | Queue | Villager (Male) |
| 22:08 | Age | Castle Age |
| 22:10 | Build | Palisade Wall |
Build order — eL| Bicho
First 150 of 414 actions detected
| 0:03 | Queue | Villager (Male) |
| 0:03 | Queue | Villager (Male) |
| 0:03 | Queue | Villager (Male) |
| 0:05 | Build | House |
| 0:06 | Build | House |
| 1:13 | Queue | Villager (Male) |
| 1:38 | Queue | Villager (Male) |
| 2:19 | Build | Lumber Camp |
| 2:23 | Queue | Villager (Male) |
| 2:23 | Queue | Villager (Male) |
| 2:23 | Queue | Villager (Male) |
| 3:15 | Queue | Villager (Male) |
| 3:16 | Queue | Villager (Male) |
| 3:16 | Queue | Villager (Male) |
| 3:55 | Build | House |
| 4:17 | Queue | Villager (Male) |
| 4:42 | Queue | Villager (Male) |
| 5:14 | Build | Mill |
| 5:30 | Queue | Villager (Male) |
| 5:42 | Research | Loom |
| 6:25 | Research | Feudal Age |
| 6:25 | Research | Feudal Age |
| 7:30 | Build | Barracks |
| 8:35 | Age | Feudal Age |
| 8:39 | Queue | Villager (Male) |
| 8:44 | Build | Stable |
| 8:50 | Research | Double-Bit Axe |
| 9:05 | Queue | Villager (Male) |
| 9:24 | Build | Watch Tower |
| 9:32 | Queue | Villager (Male) |
| 9:59 | Queue | Scout Cavalry |
| 10:01 | Queue | Scout Cavalry |
| 10:08 | Build | Mining Camp |
| 10:20 | Queue | Villager (Male) |
| 10:25 | Build | House |
| 10:47 | Build | Blacksmith |
| 11:06 | Queue | Scout Cavalry |
| 11:19 | Build | Stone Wall |
| 11:35 | Research | Fletching |
| 11:39 | Build | House |
| 11:45 | Queue | Villager (Male) |
| 12:12 | Build | Pasture |
| 12:24 | Queue | Scout Cavalry |
| 12:38 | Queue | Villager (Male) |
| 12:53 | Build | Pasture |
| 13:07 | Queue | Villager (Male) |
| 13:15 | Build | Pasture |
| 13:18 | Queue | Villager (Male) |
| 13:55 | Build | Watch Tower |
| 13:59 | Queue | Villager (Male) |
| 14:00 | Queue | Scout Cavalry |
| 14:16 | Queue | Villager (Male) |
| 14:20 | Build | House |
| 14:40 | Research | Scale Barding Armor |
| 14:40 | Research | Scale Barding Armor |
| 15:22 | Queue | Villager (Male) |
| 15:24 | Queue | Scout Cavalry |
| 15:46 | Queue | Scout Cavalry |
| 15:51 | Build | Pasture |
| 16:00 | Queue | Scout Cavalry |
| 16:26 | Research | Forging |
| 16:52 | Queue | Villager (Male) |
| 16:55 | Build | Pasture |
| 17:01 | Build | Watch Tower |
| 17:18 | Build | House |
| 17:21 | Queue | Villager (Male) |
| 18:33 | Queue | Villager (Male) |
| 18:37 | Build | Pasture |
| 18:42 | Queue | Villager (Male) |
| 18:57 | Queue | Villager (Male) |
| 19:03 | Queue | Scout Cavalry |
| 19:08 | Build | Lumber Camp |
| 19:10 | Queue | Villager (Male) |
| 19:15 | Build | Mining Camp |
| 19:25 | Queue | Scout Cavalry |
| 19:51 | Queue | Scout Cavalry |
| 20:11 | Queue | Scout Cavalry |
| 21:10 | Queue | Villager (Male) |
| 21:16 | Build | Market |
| 21:42 | Build | Lumber Camp |
| 21:43 | Queue | Villager (Male) |
| 22:04 | Queue | Scout Cavalry |
| 22:57 | Queue | Scout Cavalry |
| 23:01 | Research | Castle Age |
| 23:02 | Research | Castle Age |
| 23:25 | Queue | Scout Cavalry |
| 23:29 | Build | Stable |
| 23:36 | Research | Gold Mining |
| 23:43 | Build | Pasture |
| 23:54 | Research | Tech 1014 |
| 24:18 | Queue | Scout Cavalry |
| 24:33 | Queue | Scout Cavalry |
| 24:34 | Build | Pasture |
| 24:43 | Build | House |
| 24:48 | Build | House |
| 25:41 | Age | Castle Age |
| 25:44 | Research | Light Cavalry (upgrade) |
| 25:50 | Queue | Steppe Lancer |
| 25:56 | Build | Siege Workshop |
| 26:24 | Research | Chain Barding Armor |
| 26:33 | Queue | Villager (Male) |
| 26:45 | Queue | Battering Ram |
| 26:50 | Build | Watch Tower |
| 27:01 | Queue | Steppe Lancer ×5 |
| 27:01 | Queue | Steppe Lancer ×5 |
| 27:35 | Queue | Battering Ram |
| 28:26 | Queue | Villager (Male) |
| 28:29 | Queue | Steppe Lancer ×4 |
| 28:29 | Queue | Steppe Lancer ×4 |
| 28:47 | Queue | Villager (Male) |
| 29:21 | Queue | Steppe Lancer |
| 29:23 | Queue | Villager (Male) |
| 29:23 | Queue | Villager (Male) |
| 29:29 | Build | Town Center |
| 29:53 | Research | Wheelbarrow |
| 30:08 | Build | Town Center |
| 30:19 | Build | Stone Wall |
| 30:33 | Queue | Villager (Male) |
| 30:38 | Build | Pasture |
| 30:44 | Queue | Villager (Male) |
| 30:58 | Queue | Villager (Male) |
| 31:05 | Queue | Villager (Male) |
| 31:08 | Queue | Villager (Male) |
| 31:09 | Queue | Villager (Male) |
| 31:35 | Queue | Villager (Male) |
| 31:38 | Queue | Villager (Male) |
| 31:41 | Queue | Villager (Male) |
| 31:44 | Queue | Villager (Male) |
| 31:55 | Build | University |
| 32:03 | Queue | Villager (Male) |
| 32:10 | Queue | Villager (Male) |
| 32:10 | Queue | Villager (Male) |
| 32:21 | Research | Bow Saw |
| 32:22 | Research | Bow Saw |
| 32:41 | Queue | Villager (Male) |
| 32:42 | Queue | Villager (Male) |
| 32:45 | Queue | Villager (Male) |
| 32:50 | Build | Lumber Camp |
| 33:15 | Build | House |
| 33:18 | Build | House |
| 33:19 | Build | House |
| 33:24 | Research | Fortified Wall (upgrade) |
| 33:28 | Queue | Villager (Male) |
| 33:28 | Queue | Villager (Male) |
| 33:41 | Queue | Villager (Male) |
| 33:41 | Queue | Villager (Male) |
| 33:47 | Build | Castle |
| 33:57 | Queue | Villager (Male) |
| 34:09 | Research | Tech 1013 |
| 34:10 | Queue | Villager (Male) |
Build order — eL|Hooligan
First 150 of 689 actions detected
| 0:01 | Queue | Villager (Male) |
| 0:02 | Build | House |
| 0:04 | Build | House |
| 0:04 | Queue | Villager (Male) |
| 0:05 | Build | House |
| 0:06 | Queue | Villager (Male) |
| 0:11 | Queue | Villager (Male) |
| 1:31 | Queue | Villager (Male) |
| 1:53 | Queue | Villager (Male) |
| 2:16 | Build | Lumber Camp |
| 2:30 | Queue | Villager (Male) |
| 2:31 | Queue | Villager (Male) |
| 2:52 | Queue | Villager (Male) |
| 2:53 | Queue | Villager (Male) |
| 3:40 | Queue | Villager (Male) |
| 4:04 | Queue | Villager (Male) |
| 4:13 | Queue | Villager (Male) |
| 4:43 | Build | Mill |
| 4:58 | Queue | Villager (Male) |
| 5:03 | Queue | Villager (Male) |
| 5:13 | Queue | Villager (Male) |
| 5:31 | Queue | Villager (Male) |
| 5:55 | Queue | Villager (Male) |
| 6:00 | Build | House |
| 6:01 | Build | House |
| 6:28 | Build | Mining Camp |
| 6:30 | Queue | Villager (Male) |
| 6:47 | Queue | Villager (Male) |
| 7:05 | Queue | Villager (Male) |
| 7:16 | Queue | Villager (Male) |
| 7:29 | Build | Farm |
| 7:33 | Build | Farm |
| 7:34 | Queue | Villager (Male) |
| 8:09 | Build | Farm |
| 8:47 | Build | Mining Camp |
| 9:10 | Research | Feudal Age |
| 9:36 | Queue | Villager (Male) |
| 10:10 | Research | Loom |
| 11:21 | Age | Feudal Age |
| 11:24 | Build | Market |
| 11:26 | Build | Blacksmith |
| 12:10 | Research | Castle Age |
| 12:11 | Research | Castle Age |
| 12:41 | Research | Double-Bit Axe |
| 12:50 | Research | Horse Collar |
| 14:51 | Age | Castle Age |
| 15:18 | Build | Castle |
| 15:24 | Research | Bow Saw |
| 15:26 | Queue | Villager (Male) |
| 15:33 | Research | Heavy Plow |
| 15:35 | Queue | Villager (Male) |
| 15:38 | Build | Town Center |
| 15:59 | Build | House |
| 16:06 | Queue | Villager (Male) |
| 16:20 | Queue | Villager (Male) |
| 16:24 | Queue | Conquistador |
| 16:34 | Build | Farm |
| 16:36 | Build | House |
| 16:42 | Queue | Villager (Male) |
| 16:50 | Queue | Conquistador |
| 16:58 | Build | Farm |
| 16:59 | Build | Farm |
| 17:00 | Queue | Villager (Male) |
| 17:08 | Build | House |
| 17:12 | Queue | Villager (Male) |
| 17:18 | Queue | Conquistador |
| 17:35 | Build | Lumber Camp |
| 17:36 | Queue | Villager (Male) |
| 17:42 | Build | Farm |
| 17:55 | Queue | Villager (Male) |
| 18:00 | Build | House |
| 18:01 | Queue | Conquistador |
| 18:23 | Queue | Conquistador |
| 18:26 | Build | Farm |
| 18:28 | Build | Farm |
| 18:29 | Build | Farm |
| 18:34 | Build | House |
| 18:35 | Build | House |
| 18:36 | Queue | Villager (Male) |
| 18:54 | Build | Farm |
| 18:57 | Build | Farm |
| 18:59 | Build | Farm |
| 18:59 | Queue | Villager (Male) |
| 19:02 | Build | Farm |
| 19:11 | Build | Farm |
| 19:19 | Queue | Conquistador |
| 19:19 | Queue | Conquistador |
| 19:22 | Build | House |
| 19:42 | Queue | Villager (Male) |
| 19:51 | Build | House |
| 19:51 | Build | House |
| 19:52 | Queue | Villager (Male) |
| 19:53 | Queue | Villager (Male) |
| 19:54 | Build | Farm |
| 19:55 | Build | Farm |
| 19:55 | Build | Farm |
| 19:57 | Queue | Villager (Male) |
| 19:58 | Build | Farm |
| 20:03 | Queue | Conquistador |
| 20:14 | Queue | Villager (Male) |
| 20:23 | Queue | Villager (Male) |
| 20:26 | Build | Farm |
| 20:26 | Build | Farm |
| 20:36 | Queue | Villager (Male) |
| 21:09 | Queue | Villager (Male) |
| 21:13 | Queue | Villager (Male) |
| 21:14 | Queue | Conquistador |
| 21:18 | Queue | Conquistador |
| 21:20 | Queue | Villager (Male) |
| 21:21 | Build | House |
| 21:21 | Build | House |
| 21:35 | Build | Farm |
| 21:35 | Build | Farm |
| 21:36 | Build | Farm |
| 21:36 | Queue | Villager (Male) |
| 21:43 | Build | Mill |
| 21:46 | Queue | Conquistador |
| 21:47 | Queue | Villager (Male) |
| 21:59 | Queue | Conquistador |
| 22:06 | Build | Farm |
| 22:09 | Build | House |
| 22:11 | Build | House |
| 22:15 | Queue | Villager (Male) |
| 22:16 | Queue | Conquistador |
| 22:24 | Queue | Conquistador |
| 22:33 | Queue | Villager (Male) |
| 22:39 | Queue | Villager (Male) |
| 22:53 | Queue | Villager (Male) |
| 22:54 | Queue | Conquistador |
| 23:07 | Queue | Villager (Male) |
| 23:08 | Queue | Villager (Male) |
| 23:10 | Build | House |
| 23:16 | Build | Town Center |
| 23:21 | Queue | Villager (Male) |
| 23:22 | Queue | Conquistador |
| 23:28 | Build | Mill |
| 23:29 | Build | Farm |
| 23:29 | Build | Farm |
| 23:29 | Build | Farm |
| 23:29 | Build | Farm |
| 23:30 | Build | Farm |
| 23:35 | Queue | Villager (Male) |
| 23:46 | Build | House |
| 23:49 | Queue | Villager (Male) |
| 23:53 | Queue | Villager (Male) |
| 23:56 | Queue | Villager (Male) |
| 24:06 | Queue | Villager (Male) |
| 24:10 | Queue | Villager (Male) |
| 24:16 | Queue | Villager (Male) |
| 24:21 | Queue | Conquistador |
Build order — VENÓN | YO QUE CULPA
First 150 of 777 actions detected
| 0:02 | Queue | Villager (Male) ×4 |
| 0:03 | Build | House |
| 0:06 | Build | House |
| 1:27 | Queue | Villager (Male) |
| 2:00 | Build | Lumber Camp |
| 2:04 | Queue | Villager (Male) |
| 2:04 | Queue | Villager (Male) |
| 2:25 | Queue | Villager (Male) |
| 2:26 | Queue | Villager (Male) |
| 3:13 | Queue | Villager (Male) |
| 3:13 | Queue | Villager (Male) |
| 3:28 | Queue | Villager (Male) |
| 3:28 | Queue | Villager (Male) |
| 3:29 | Queue | Villager (Male) |
| 3:32 | Build | House |
| 3:33 | Build | House |
| 3:34 | Build | House |
| 3:43 | Build | House |
| 4:09 | Queue | Villager (Male) |
| 4:42 | Queue | Villager (Male) |
| 4:44 | Queue | Villager (Male) |
| 4:44 | Queue | Villager (Male) |
| 5:14 | Build | Lumber Camp |
| 5:18 | Queue | Villager (Male) |
| 5:18 | Queue | Villager (Male) |
| 5:41 | Queue | Villager (Male) |
| 6:12 | Queue | Villager (Male) |
| 6:14 | Queue | Villager (Male) |
| 6:47 | Build | Mining Camp |
| 7:03 | Queue | Villager (Male) |
| 7:03 | Queue | Villager (Male) |
| 7:04 | Queue | Villager (Male) |
| 7:04 | Queue | Villager (Male) |
| 7:20 | Build | Mill |
| 7:37 | Queue | Villager (Male) |
| 7:57 | Queue | Villager (Male) |
| 7:57 | Queue | Villager (Male) |
| 8:01 | Build | Farm |
| 8:03 | Build | Farm |
| 8:06 | Build | Farm |
| 8:37 | Queue | Villager (Male) |
| 8:58 | Research | Feudal Age |
| 11:12 | Queue | Villager (Male) |
| 11:22 | Age | Feudal Age |
| 11:26 | Build | Market |
| 11:29 | Build | Blacksmith |
| 11:35 | Queue | Villager (Male) |
| 12:23 | Research | Double-Bit Axe |
| 12:27 | Research | Castle Age |
| 13:00 | Research | Horse Collar |
| 13:48 | Build | House |
| 13:53 | Build | House |
| 13:54 | Build | House |
| 14:27 | Queue | Villager (Male) |
| 15:04 | Build | House |
| 15:07 | Age | Castle Age |
| 15:11 | Build | Town Center |
| 15:15 | Build | Town Center |
| 15:17 | Queue | Villager (Male) |
| 15:34 | Queue | Villager (Male) |
| 15:38 | Build | Town Center |
| 15:47 | Queue | Villager (Male) |
| 15:50 | Build | House |
| 15:51 | Build | House |
| 15:53 | Research | Bow Saw |
| 16:01 | Build | Farm |
| 16:03 | Queue | Villager (Male) |
| 16:16 | Queue | Villager (Male) |
| 16:17 | Build | Farm |
| 16:36 | Build | Farm |
| 16:39 | Queue | Villager (Male) |
| 16:47 | Queue | Villager (Male) |
| 16:48 | Queue | Villager (Male) |
| 16:51 | Build | Farm |
| 16:54 | Build | Farm |
| 16:58 | Build | House |
| 17:01 | Queue | Villager (Male) |
| 17:03 | Build | Farm |
| 17:03 | Build | Farm |
| 17:03 | Build | Farm |
| 17:03 | Build | Farm |
| 17:04 | Build | Farm |
| 17:04 | Build | Farm |
| 17:09 | Queue | Villager (Male) |
| 17:14 | Queue | Villager (Male) |
| 17:17 | Build | Farm |
| 17:23 | Queue | Villager (Male) |
| 17:24 | Queue | Villager (Male) |
| 17:24 | Queue | Villager (Male) |
| 17:24 | Queue | Villager (Male) |
| 17:26 | Build | Farm |
| 17:45 | Build | Farm |
| 17:48 | Build | Farm |
| 17:49 | Queue | Villager (Male) |
| 17:55 | Build | Farm |
| 18:05 | Queue | Villager (Male) |
| 18:08 | Build | Farm |
| 18:14 | Queue | Villager (Male) |
| 18:14 | Queue | Villager (Male) |
| 18:18 | Build | Farm |
| 18:27 | Queue | Villager (Male) ×3 |
| 18:32 | Build | Farm |
| 18:35 | Build | Farm |
| 18:38 | Build | Farm |
| 18:39 | Queue | Villager (Male) |
| 18:39 | Queue | Villager (Male) |
| 18:40 | Queue | Villager (Male) |
| 18:44 | Build | Farm |
| 18:51 | Build | Farm |
| 18:52 | Queue | Villager (Male) |
| 18:53 | Queue | Villager (Male) |
| 18:56 | Build | Farm |
| 18:58 | Queue | Villager (Male) |
| 18:58 | Queue | Villager (Male) |
| 19:00 | Build | Farm |
| 19:08 | Build | Farm |
| 19:09 | Queue | Villager (Male) |
| 19:09 | Queue | Villager (Male) |
| 19:12 | Build | Farm |
| 19:17 | Queue | Villager (Male) |
| 19:17 | Queue | Villager (Male) |
| 19:26 | Build | Farm |
| 19:28 | Queue | Villager (Male) |
| 19:28 | Queue | Villager (Male) |
| 19:31 | Build | Farm |
| 19:33 | Queue | Villager (Male) |
| 19:34 | Queue | Villager (Male) |
| 19:40 | Queue | Villager (Male) |
| 19:41 | Queue | Villager (Male) |
| 19:47 | Queue | Villager (Male) |
| 19:47 | Queue | Villager (Male) |
| 19:49 | Build | Farm |
| 19:51 | Build | Farm |
| 19:53 | Queue | Villager (Male) |
| 19:53 | Queue | Villager (Male) |
| 19:55 | Build | Farm |
| 20:00 | Build | Farm |
| 20:03 | Build | Farm |
| 20:05 | Queue | Villager (Male) |
| 20:05 | Queue | Villager (Male) |
| 20:05 | Queue | Villager (Male) |
| 20:07 | Build | Farm |
| 20:17 | Queue | Villager (Male) |
| 20:17 | Queue | Villager (Male) |
| 20:18 | Build | Farm |
| 20:20 | Queue | Villager (Male) |
| 20:20 | Queue | Villager (Male) |
| 20:26 | Queue | Villager (Male) |
| 20:32 | Build | Farm |
| 20:36 | Queue | Villager (Male) |
Build order — 冬瀑
First 150 of 847 actions detected
| 0:00 | Queue | Villager (Male) |
| 0:01 | Queue | Villager (Male) |
| 0:02 | Build | House |
| 0:03 | Build | House |
| 0:24 | Queue | Villager (Male) |
| 0:24 | Queue | Villager (Male) |
| 0:24 | Queue | Villager (Male) |
| 1:35 | Queue | Villager (Male) |
| 1:35 | Queue | Villager (Male) |
| 2:02 | Build | Lumber Camp |
| 2:07 | Queue | Villager (Male) |
| 2:07 | Queue | Villager (Male) |
| 2:08 | Queue | Villager (Male) |
| 2:28 | Queue | Villager (Male) |
| 2:28 | Queue | Villager (Male) |
| 2:28 | Queue | Villager (Male) |
| 3:05 | Queue | Villager (Male) |
| 3:05 | Queue | Villager (Male) |
| 3:30 | Build | House |
| 3:31 | Build | House |
| 3:35 | Queue | Villager (Male) |
| 3:35 | Queue | Villager (Male) |
| 3:36 | Queue | Villager (Male) |
| 3:43 | Queue | Villager (Male) |
| 3:43 | Queue | Villager (Male) |
| 3:51 | Build | House |
| 4:15 | Queue | Villager (Male) |
| 4:54 | Queue | Villager (Male) |
| 5:18 | Queue | Villager (Male) |
| 5:24 | Build | Mill |
| 5:29 | Queue | Villager (Male) |
| 6:09 | Queue | Villager (Male) |
| 6:42 | Queue | Villager (Male) |
| 6:47 | Build | Farm |
| 6:50 | Build | Farm |
| 7:07 | Queue | Villager (Male) |
| 7:26 | Queue | Villager (Male) |
| 7:45 | Queue | Villager (Male) |
| 8:05 | Research | Feudal Age |
| 8:05 | Research | Feudal Age |
| 8:16 | Build | House |
| 8:21 | Build | House |
| 8:29 | Build | House |
| 8:44 | Queue | Villager (Male) |
| 8:45 | Queue | Villager (Male) |
| 9:51 | Build | House |
| 9:59 | Build | House |
| 10:12 | Build | House |
| 10:32 | Age | Feudal Age |
| 10:36 | Build | Market |
| 10:38 | Build | Blacksmith |
| 11:11 | Build | Lumber Camp |
| 11:23 | Research | Castle Age |
| 11:24 | Research | Castle Age |
| 11:42 | Build | House |
| 11:54 | Research | Double-Bit Axe |
| 11:54 | Research | Double-Bit Axe |
| 12:27 | Research | Horse Collar |
| 12:28 | Research | Horse Collar |
| 12:53 | Build | Farm |
| 12:54 | Build | Farm |
| 13:26 | Queue | Villager (Male) |
| 14:03 | Age | Castle Age |
| 14:05 | Build | Town Center |
| 14:07 | Queue | Villager (Male) |
| 14:11 | Research | Bow Saw |
| 14:12 | Research | Bow Saw |
| 14:18 | Build | Town Center |
| 14:19 | Queue | Villager (Male) |
| 14:41 | Build | Farm |
| 14:46 | Queue | Villager (Male) |
| 15:00 | Queue | Villager (Male) |
| 15:02 | Build | Farm |
| 15:04 | Build | Farm |
| 15:21 | Build | Farm |
| 15:30 | Queue | Villager (Male) |
| 15:35 | Build | Farm |
| 15:40 | Build | Farm |
| 15:45 | Queue | Villager (Male) |
| 15:52 | Build | Farm |
| 15:59 | Queue | Villager (Male) |
| 16:04 | Queue | Villager (Male) |
| 16:07 | Build | Farm |
| 16:09 | Queue | Villager (Male) |
| 16:13 | Build | Farm |
| 16:15 | Queue | Villager (Male) |
| 16:18 | Build | Farm |
| 16:21 | Queue | Villager (Male) |
| 16:36 | Queue | Villager (Male) |
| 16:40 | Build | Farm |
| 16:43 | Build | Farm |
| 16:46 | Queue | Villager (Male) |
| 16:48 | Queue | Villager (Male) |
| 16:53 | Queue | Villager (Male) |
| 17:01 | Build | Farm |
| 17:02 | Build | Farm |
| 17:04 | Build | Farm |
| 17:10 | Queue | Villager (Male) |
| 17:15 | Queue | Villager (Male) |
| 17:19 | Queue | Villager (Male) |
| 17:22 | Build | Farm |
| 17:24 | Build | Farm |
| 17:31 | Queue | Villager (Male) |
| 17:32 | Build | House |
| 17:43 | Research | Town Watch |
| 17:43 | Research | Town Watch |
| 18:00 | Research | Wheelbarrow |
| 18:00 | Research | Wheelbarrow |
| 18:03 | Build | House |
| 18:04 | Build | House |
| 18:21 | Build | Town Center |
| 18:27 | Queue | Villager (Male) |
| 18:27 | Queue | Villager (Male) |
| 18:32 | Build | Farm |
| 18:34 | Build | Farm |
| 18:35 | Build | Farm |
| 18:36 | Build | Farm |
| 18:39 | Build | Farm |
| 18:42 | Queue | Villager (Male) |
| 18:49 | Queue | Villager (Male) |
| 18:54 | Build | House |
| 18:55 | Build | House |
| 18:58 | Queue | Villager (Male) |
| 19:07 | Queue | Villager (Male) |
| 19:12 | Build | Monastery |
| 19:14 | Queue | Villager (Male) |
| 19:18 | Queue | Villager (Male) |
| 19:24 | Build | Farm |
| 19:31 | Queue | Villager (Male) |
| 19:31 | Queue | Villager (Male) |
| 19:37 | Build | Farm |
| 19:41 | Queue | Villager (Male) |
| 19:43 | Queue | Villager (Male) |
| 19:43 | Queue | Villager (Male) |
| 19:43 | Queue | Villager (Male) |
| 19:49 | Build | Farm |
| 19:52 | Queue | Villager (Male) |
| 19:55 | Build | House |
| 19:56 | Build | House |
| 19:58 | Build | House |
| 20:00 | Queue | Villager (Male) |
| 20:02 | Build | Farm |
| 20:06 | Build | Farm |
| 20:11 | Build | Farm |
| 20:14 | Queue | Villager (Male) |
| 20:14 | Queue | Villager (Male) |
| 20:16 | Queue | Monk |
| 20:21 | Queue | Villager (Male) |
| 20:22 | Build | Farm |
| 20:25 | Build | Farm |
Build order — VENÓN | Kevin
First 150 of 633 actions detected
| 0:01 | Queue | Villager (Male) |
| 0:01 | Queue | Villager (Male) |
| 0:02 | Queue | Villager (Male) |
| 0:03 | Build | House |
| 0:04 | Build | House |
| 0:11 | Queue | Villager (Male) |
| 0:11 | Queue | Villager (Male) |
| 1:14 | Queue | Villager (Male) |
| 1:37 | Queue | Villager (Male) |
| 2:15 | Queue | Villager (Male) |
| 2:33 | Queue | Villager (Male) |
| 2:33 | Queue | Villager (Male) |
| 2:54 | Queue | Villager (Male) |
| 2:55 | Queue | Villager (Male) |
| 3:05 | Build | Lumber Camp |
| 3:12 | Build | Lumber Camp |
| 3:18 | Queue | Villager (Male) |
| 3:18 | Queue | Villager (Male) |
| 3:31 | Build | House |
| 3:32 | Build | House |
| 3:33 | Build | House |
| 3:47 | Queue | Villager (Male) |
| 4:35 | Queue | Villager (Male) |
| 4:35 | Queue | Villager (Male) |
| 4:35 | Queue | Villager (Male) |
| 4:59 | Queue | Villager (Male) |
| 5:00 | Queue | Villager (Male) |
| 5:00 | Queue | Villager (Male) |
| 5:04 | Build | Mill |
| 5:17 | Queue | Villager (Male) |
| 5:35 | Build | Outpost |
| 5:40 | Queue | Villager (Male) |
| 5:46 | Queue | Villager (Male) |
| 5:48 | Build | Farm |
| 5:57 | Build | Farm |
| 5:57 | Queue | Villager (Male) |
| 6:11 | Queue | Villager (Male) |
| 6:21 | Queue | Villager (Male) |
| 6:32 | Build | Farm |
| 6:32 | Queue | Villager (Male) |
| 7:11 | Queue | Villager (Male) |
| 7:33 | Queue | Villager (Male) |
| 7:38 | Build | Lumber Camp |
| 7:50 | Queue | Villager (Male) |
| 8:38 | Build | Mining Camp |
| 8:44 | Research | Feudal Age |
| 10:07 | Queue | Villager (Male) |
| 11:21 | Age | Feudal Age |
| 11:29 | Build | Market |
| 11:31 | Build | Blacksmith |
| 11:48 | Queue | Villager (Male) |
| 12:05 | Build | House |
| 12:09 | Queue | Villager (Male) |
| 12:23 | Research | Castle Age |
| 12:23 | Research | Castle Age |
| 13:25 | Queue | Villager (Male) |
| 13:50 | Research | Double-Bit Axe |
| 13:50 | Research | Double-Bit Axe |
| 13:50 | Research | Double-Bit Axe |
| 13:51 | Research | Horse Collar |
| 13:51 | Research | Horse Collar |
| 13:59 | Build | Farm |
| 13:59 | Build | Farm |
| 14:00 | Build | Farm |
| 14:21 | Build | Farm |
| 14:45 | Queue | Villager (Male) |
| 15:18 | Age | Castle Age |
| 15:19 | Build | Town Center |
| 15:20 | Queue | Villager (Male) |
| 15:28 | Build | Town Center |
| 15:29 | Queue | Villager (Male) |
| 15:39 | Queue | Villager (Male) |
| 15:43 | Build | House |
| 15:46 | Queue | Villager (Male) |
| 15:54 | Build | Farm |
| 16:06 | Research | Bow Saw |
| 16:06 | Research | Bow Saw |
| 16:07 | Queue | Villager (Male) |
| 16:26 | Build | House |
| 16:27 | Build | House |
| 16:28 | Queue | Villager (Male) |
| 16:37 | Queue | Villager (Male) |
| 16:43 | Queue | Villager (Male) |
| 16:43 | Queue | Villager (Male) |
| 16:51 | Queue | Villager (Male) |
| 16:55 | Queue | Villager (Male) |
| 16:57 | Build | House |
| 16:58 | Queue | Villager (Male) |
| 17:00 | Build | Farm |
| 17:06 | Queue | Villager (Male) |
| 17:08 | Build | Farm |
| 17:10 | Queue | Villager (Male) |
| 17:13 | Queue | Villager (Male) |
| 17:17 | Queue | Villager (Male) |
| 17:19 | Queue | Villager (Male) |
| 17:22 | Queue | Villager (Male) |
| 17:22 | Queue | Villager (Male) |
| 17:26 | Build | Farm |
| 17:28 | Queue | Villager (Male) |
| 17:42 | Build | Farm |
| 17:43 | Build | Farm |
| 17:46 | Build | Farm |
| 17:46 | Queue | Villager (Male) |
| 17:46 | Queue | Villager (Male) |
| 17:52 | Build | Farm |
| 17:56 | Build | Farm |
| 17:58 | Build | Farm |
| 17:59 | Queue | Villager (Male) |
| 18:06 | Build | Farm |
| 18:11 | Build | House |
| 18:17 | Build | Farm |
| 18:27 | Queue | Villager (Male) |
| 18:31 | Build | Farm |
| 18:31 | Queue | Villager (Male) |
| 18:32 | Queue | Villager (Male) |
| 18:40 | Queue | Villager (Male) |
| 18:42 | Build | Farm |
| 18:47 | Build | House |
| 18:52 | Queue | Villager (Male) |
| 18:53 | Build | Farm |
| 18:55 | Queue | Villager (Male) |
| 18:56 | Queue | Villager (Male) |
| 18:59 | Queue | Villager (Male) |
| 19:00 | Queue | Villager (Male) |
| 19:18 | Build | Town Center |
| 19:18 | Queue | Villager (Male) |
| 19:19 | Queue | Villager (Male) |
| 19:26 | Queue | Villager (Male) |
| 19:31 | Build | Farm |
| 19:39 | Build | Farm |
| 19:39 | Research | Wheelbarrow |
| 19:40 | Research | Wheelbarrow |
| 19:45 | Build | Farm |
| 19:49 | Build | House |
| 19:49 | Queue | Villager (Male) |
| 19:50 | Queue | Villager (Male) |
| 19:53 | Build | Farm |
| 19:54 | Queue | Villager (Male) |
| 20:02 | Build | Farm |
| 20:04 | Build | Farm |
| 20:08 | Queue | Villager (Male) |
| 20:09 | Queue | Villager (Male) |
| 20:22 | Build | House |
| 20:22 | Queue | Villager (Male) |
| 20:23 | Queue | Villager (Male) |
| 20:30 | Build | Farm |
| 20:30 | Queue | Villager (Male) |
| 20:33 | Build | Farm |
| 20:39 | Build | Farm |
| 20:40 | Build | Farm |
Match timeline
| 7:30 | eL| Bicho · first_building Barracks |
| 8:12 | [GDL] Chuchito · first_building Donjon |
| 8:35 | eL| Bicho · age_up feudal |
| 8:44 | eL| Bicho · first_building Stable |
| 8:51 | [GDL] Chuchito · age_up feudal |
| 9:05 | [GDL] Chuchito · first_building Archery Range |
| 10:32 | 冬瀑 · age_up feudal |
| 10:35 | Fs.Carniça · age_up feudal |
| 10:44 | VENÓN | Talk is cheap · first_building Barracks |
| 11:19 | eL| Bicho · wall_segment Stone Wall x1 |
| 11:21 | eL|Hooligan · age_up feudal |
| 11:21 | VENÓN | Kevin · age_up feudal |
| 11:22 | VENÓN | YO QUE CULPA · age_up feudal |
| 11:46 | VENÓN | Talk is cheap · age_up feudal |
| 11:58 | VENÓN | Talk is cheap · first_building Stable |
| 14:03 | 冬瀑 · age_up castle |
| 14:51 | eL|Hooligan · age_up castle |
| 14:55 | Fs.Carniça · age_up castle |
| 15:07 | VENÓN | YO QUE CULPA · age_up castle |
| 15:18 | eL|Hooligan · first_building Castle |
| 15:18 | VENÓN | Kevin · age_up castle |
| 15:20 | [GDL] Chuchito · wall_segment Palisade Wall x2 |
| 15:22 | [GDL] Chuchito · wall_segment Palisade Wall x1 |
| 15:23 | [GDL] Chuchito · wall_segment Palisade Wall x1 |
| 15:33 | VENÓN | YO QUE CULPA · first_market_buy 100 stone |
| 15:34 | [GDL] Chuchito · wall_segment Palisade Wall x1 |
| 15:41 | VENÓN | Talk is cheap · age_up castle |
| 16:52 | eL|Hooligan · first_market_buy 100 wood |
| 19:12 | 冬瀑 · first_building Monastery |
| 20:19 | VENÓN | Talk is cheap · first_market_buy 100 stone |
| 22:00 | Fs.Carniça · first_building Barracks |
| 22:08 | [GDL] Chuchito · age_up castle |
| 22:10 | [GDL] Chuchito · wall_segment Palisade Wall x1 |
| 22:16 | [GDL] Chuchito · wall_segment Palisade Wall x1 |
| 22:18 | Fs.Carniça · first_building Castle |
| 22:34 | VENÓN | Kevin · first_building Monastery |
| 23:11 | [GDL] Chuchito · first_market_buy 100 wood |
| 23:15 | 冬瀑 · first_building Barracks |
| 23:55 | Fs.Carniça · first_building Archery Range |
| 24:03 | VENÓN | YO QUE CULPA · first_building Monastery |
| 24:04 | [GDL] Chuchito · first_market_sell 100 food |
| 24:09 | VENÓN | Kevin · first_market_sell 100 food |
| 24:35 | eL|Hooligan · first_building Monastery |
| 24:44 | VENÓN | Talk is cheap · wall_segment Stone Wall x1 |
| 24:50 | VENÓN | Talk is cheap · wall_segment Stone Wall x1 |
| 24:54 | VENÓN | Talk is cheap · first_building Monastery |
| 25:15 | VENÓN | YO QUE CULPA · first_building Castle |
| 25:24 | VENÓN | Kevin · first_building Barracks |
| 25:32 | 冬瀑 · first_building Archery Range |
| 25:41 | eL| Bicho · age_up castle |
| 25:49 | VENÓN | YO QUE CULPA · first_building Siege Workshop |
| 25:56 | eL| Bicho · first_building Siege Workshop |
| 25:57 | VENÓN | Talk is cheap · first_market_sell 100 food |
| 25:57 | VENÓN | Kevin · first_building Stable |
| 26:20 | VENÓN | YO QUE CULPA · first_market_sell 100 food |
| 26:58 | eL|Hooligan · first_building Siege Workshop |
| 27:00 | VENÓN | Kevin · first_market_buy 100 wood |
| 27:20 | VENÓN | YO QUE CULPA · wall_segment Palisade Wall x1 |
| 27:23 | 冬瀑 · first_building Castle |
| 27:38 | VENÓN | Kevin · age_up imperial |
| 27:49 | eL|Hooligan · first_building Barracks |
| 27:50 | VENÓN | Talk is cheap · first_building Castle |
| 28:07 | Fs.Carniça · age_up imperial |
| 28:08 | 冬瀑 · first_building Stable |
| 28:09 | VENÓN | YO QUE CULPA · age_up imperial |
| 28:11 | VENÓN | Kevin · first_building Castle |
| 28:22 | 冬瀑 · first_market_sell 100 wood |
| 28:25 | 冬瀑 · age_up imperial |
| 28:47 | 冬瀑 · first_building Siege Workshop |
| 29:03 | VENÓN | Kevin · tribute_sent a jugador 1 |
| 29:03 | VENÓN | Kevin · tribute_sent a jugador 2 |
| 29:03 | VENÓN | Kevin · tribute_sent a jugador 3 |
| 29:03 | VENÓN | Kevin · tribute_sent a jugador 4 |
| 29:03 | VENÓN | Kevin · tribute_sent a jugador 5 |
| 29:03 | VENÓN | Kevin · tribute_sent a jugador 6 |
| 29:03 | VENÓN | Kevin · tribute_sent a jugador 7 |
| 29:10 | Fs.Carniça · first_market_sell 100 food |
| 30:03 | [GDL] Chuchito · first_building Castle |
| 30:07 | VENÓN | Talk is cheap · age_up imperial |
| 30:19 | eL| Bicho · wall_segment Stone Wall x13 |
| 30:22 | eL|Hooligan · first_building Stable |
| 31:02 | Fs.Carniça · first_building Stable |
| 32:20 | eL|Hooligan · first_market_sell 100 food |
| 32:53 | 冬瀑 · first_market_buy 100 wood |
| 33:36 | eL| Bicho · first_market_buy 500 stone |
| 33:47 | eL| Bicho · first_building Castle |
| 35:35 | eL|Hooligan · age_up imperial |
| 36:10 | eL|Hooligan · wall_segment Stone Wall x1 |
| 36:21 | [GDL] Chuchito · age_up imperial |
| 37:31 | Fs.Carniça · first_market_buy 100 stone |
| 38:28 | eL| Bicho · first_building Archery Range |
| 39:11 | Fs.Carniça · first_building Siege Workshop |
| 41:12 | eL| Bicho · age_up imperial |
| 44:00 | 冬瀑 · tribute_sent a jugador 1 |
| 44:00 | 冬瀑 · tribute_sent a jugador 2 |
| 44:00 | 冬瀑 · tribute_sent a jugador 3 |
| 44:00 | 冬瀑 · tribute_sent a jugador 4 |
| 44:00 | 冬瀑 · tribute_sent a jugador 5 |
| 44:00 | 冬瀑 · tribute_sent a jugador 6 |
| 44:00 | 冬瀑 · tribute_sent a jugador 8 |
| 44:22 | eL| Bicho · first_market_sell 500 wood |
| 45:50 | [GDL] Chuchito · first_building Siege Workshop |
| 45:53 | eL|Hooligan · tribute_sent a jugador 1 |
| 45:53 | eL|Hooligan · tribute_sent a jugador 2 |
| 45:53 | eL|Hooligan · tribute_sent a jugador 3 |
| 45:53 | eL|Hooligan · tribute_sent a jugador 4 |
| 45:53 | eL|Hooligan · tribute_sent a jugador 6 |
| 45:53 | eL|Hooligan · tribute_sent a jugador 7 |
| 45:53 | eL|Hooligan · tribute_sent a jugador 8 |
| 47:25 | eL|Hooligan · wall_segment Stone Wall x3 |
| 47:26 | 冬瀑 · tribute_sent a jugador 1 |
| 47:26 | 冬瀑 · tribute_sent a jugador 2 |
| 47:26 | 冬瀑 · tribute_sent a jugador 3 |
| 47:26 | 冬瀑 · tribute_sent a jugador 4 |
| 47:26 | 冬瀑 · tribute_sent a jugador 5 |
| 47:26 | 冬瀑 · tribute_sent a jugador 6 |
| 47:26 | 冬瀑 · tribute_sent a jugador 8 |
| 47:30 | [GDL] Chuchito · tribute_sent a jugador 1 |
| 47:30 | [GDL] Chuchito · tribute_sent a jugador 3 |
| 47:30 | [GDL] Chuchito · tribute_sent a jugador 4 |
| 47:30 | [GDL] Chuchito · tribute_sent a jugador 5 |
| 47:30 | [GDL] Chuchito · tribute_sent a jugador 6 |
| 47:30 | [GDL] Chuchito · tribute_sent a jugador 7 |
| 47:30 | [GDL] Chuchito · tribute_sent a jugador 8 |
| 47:47 | VENÓN | Kevin · wall_segment Stone Wall x12 |
| 48:13 | VENÓN | YO QUE CULPA · first_building Barracks |
| 50:42 | VENÓN | Kevin · wall_segment Stone Wall x18 |
| 50:48 | VENÓN | Kevin · wall_segment Stone Wall x4 |
| 52:14 | 冬瀑 · tribute_sent a jugador 1 |
| 52:14 | 冬瀑 · tribute_sent a jugador 2 |
| 52:14 | 冬瀑 · tribute_sent a jugador 3 |
| 52:14 | 冬瀑 · tribute_sent a jugador 4 |
| 52:14 | 冬瀑 · tribute_sent a jugador 5 |
| 52:14 | 冬瀑 · tribute_sent a jugador 6 |
| 52:14 | 冬瀑 · tribute_sent a jugador 8 |
| 53:43 | 冬瀑 · tribute_sent a jugador 1 |
| 53:43 | 冬瀑 · tribute_sent a jugador 2 |
| 53:43 | 冬瀑 · tribute_sent a jugador 3 |
| 53:43 | 冬瀑 · tribute_sent a jugador 4 |
| 53:43 | 冬瀑 · tribute_sent a jugador 5 |
| 53:43 | 冬瀑 · tribute_sent a jugador 6 |
| 53:43 | 冬瀑 · tribute_sent a jugador 8 |
| 54:02 | [GDL] Chuchito · tribute_sent a jugador 1 |
| 54:02 | [GDL] Chuchito · tribute_sent a jugador 3 |
| 54:02 | [GDL] Chuchito · tribute_sent a jugador 4 |
| 54:02 | [GDL] Chuchito · tribute_sent a jugador 5 |
| 54:02 | [GDL] Chuchito · tribute_sent a jugador 6 |
| 54:02 | [GDL] Chuchito · tribute_sent a jugador 7 |
| 54:02 | [GDL] Chuchito · tribute_sent a jugador 8 |
| 54:23 | Fs.Carniça · tribute_sent a jugador 2 |
| 54:23 | Fs.Carniça · tribute_sent a jugador 3 |
| 54:23 | Fs.Carniça · tribute_sent a jugador 4 |
| 54:23 | Fs.Carniça · tribute_sent a jugador 5 |
| 54:23 | Fs.Carniça · tribute_sent a jugador 6 |
| 54:23 | Fs.Carniça · tribute_sent a jugador 7 |
| 54:23 | Fs.Carniça · tribute_sent a jugador 8 |
| 55:34 | VENÓN | Kevin · wall_segment Stone Wall x1 |
| 55:38 | eL| Bicho · resign |
| 56:09 | 冬瀑 · tribute_sent a jugador 1 |
| 56:09 | 冬瀑 · tribute_sent a jugador 2 |
| 56:09 | 冬瀑 · tribute_sent a jugador 3 |
| 56:09 | 冬瀑 · tribute_sent a jugador 4 |
| 56:09 | 冬瀑 · tribute_sent a jugador 5 |
| 56:09 | 冬瀑 · tribute_sent a jugador 6 |
| 56:09 | 冬瀑 · tribute_sent a jugador 8 |
| 56:20 | VENÓN | Kevin · tribute_sent a jugador 1 |
| 56:20 | VENÓN | Kevin · tribute_sent a jugador 2 |
| 56:20 | VENÓN | Kevin · tribute_sent a jugador 3 |
| 56:20 | VENÓN | Kevin · tribute_sent a jugador 4 |
| 56:20 | VENÓN | Kevin · tribute_sent a jugador 5 |
| 56:20 | VENÓN | Kevin · tribute_sent a jugador 6 |
| 56:20 | VENÓN | Kevin · tribute_sent a jugador 7 |
| 56:22 | VENÓN | Talk is cheap · tribute_sent a jugador 1 |
| 56:22 | VENÓN | Talk is cheap · tribute_sent a jugador 2 |
| 56:22 | VENÓN | Talk is cheap · tribute_sent a jugador 3 |
| 56:22 | VENÓN | Talk is cheap · tribute_sent a jugador 5 |
| 56:22 | VENÓN | Talk is cheap · tribute_sent a jugador 6 |
| 56:22 | VENÓN | Talk is cheap · tribute_sent a jugador 7 |
| 56:22 | VENÓN | Talk is cheap · tribute_sent a jugador 8 |
| 56:22 | VENÓN | YO QUE CULPA · tribute_sent a jugador 1 |
| 56:22 | VENÓN | YO QUE CULPA · tribute_sent a jugador 2 |
| 56:22 | VENÓN | YO QUE CULPA · tribute_sent a jugador 3 |
| 56:22 | VENÓN | YO QUE CULPA · tribute_sent a jugador 4 |
| 56:22 | VENÓN | YO QUE CULPA · tribute_sent a jugador 5 |
| 56:22 | VENÓN | YO QUE CULPA · tribute_sent a jugador 7 |
| 56:22 | VENÓN | YO QUE CULPA · tribute_sent a jugador 8 |
| 57:25 | eL|Hooligan · first_building Archery Range |
[ AI ANALYSIS · 1 CREDIT ]
What really happened in this match?
Wolo.gg analyzes every decision: build order, eco, micro, common mistakes by bracket. Personalized analysis on WhatsApp or Discord in 30 seconds.
Civ guide
Franks
Perfil
VENÓN | TIC TAC